 Dungeon Crawl Stone Soup version 0.26-a0-784-g51bffae0b1 (webtiles) character file.

Game seed: 15014577117651698529

3755 KristoblXynda the Carver (level 9, -7/81 HPs)
             Began as a Black Draconian Gladiator on Nov 10, 2020.
             Was an Initiate of Gozag.
             Mangled by a troll (9 damage)
             ... on level 9 of the Dungeon.
             The game lasted 00:15:20 (9028 turns).

KristoblXynda the Carver (DrGl)                     Turns: 9028, Time: 00:15:20

Health: -7/81      AC:  8    Str: 17    XL:     9   Next: 94%
Magic:  9/9        EV: 19    Int: 12    God:    Gozag
Gold:   1055       SH:  5    Dex: 12    Spells: 8/8 levels left

rFire    . . .     SeeInvis .   y - +0 scimitar
rCold    . . .     Faith    .   (no shield)
rNeg     . . .     Spirit   .   (armour unavailable)
rPois    .         Reflect  +   b - +1 hat
rElec    +         Harm     .   (no cloak)
rCorr    .         Rampage  .   (no gloves)
MR       .....                  (no boots)
Stlth    ++........             u - amulet of reflection
HPRegen  0.23/turn              i - ring of stealth
MPRegen  0.11/turn              f - +4 ring of evasion

@: short of breath, gold aura
A: breathe lightning, unfitting armour, electricity resistance, cold-blooded, AC
+7
a: Breathe Lightning, Potion Petition, Call Merchant, Bribe Branch, Renounce
Religion


You were on level 9 of the Dungeon.
You worshipped Gozag.
Gozag was most pleased with you.
You visited 2 branches of the dungeon, and saw 10 of its levels.

You collected 1185 gold pieces.
You paid 130 gold pieces to Gozag.

Inventory:

Hand Weapons
 y - a +0 scimitar (weapon)
Missiles
 c - 3 throwing nets (quivered)
 e - 2 javelins
Armour
 b - a +1 hat (worn)
Jewellery
 d - an uncursed ring of wizardry
 f - a +4 ring of evasion (right hand)
 g - an uncursed ring of fire
 h - an uncursed amulet of guardian spirit
 i - a ring of stealth (left hand)
 u - an amulet of reflection (around neck)
 v - an uncursed amulet of magic regeneration
 B - an uncursed amulet of regeneration
Wands
 x - a wand of paralysis (4)
Scrolls
 m - 3 scrolls of teleportation
 n - 5 scrolls of remove curse
 p - a scroll of enchant armour
 s - 3 scrolls of fear
Potions
 j - a potion of heal wounds
 k - a potion of lignification
 l - 3 potions of curing
 o - 2 potions of might
 q - 2 potions of brilliance
 r - 2 potions of resistance
 t - a potion of ambrosia
 z - a potion of haste {unknown}
 A - a potion of magic


   Skills:
 + Level 8.2 Fighting
 + Level 10.4 Long Blades
 - Level 2.0 Throwing
 + Level 7.1 Dodging


You had 8 spell levels left.
You didn't know any spells.
Your spell library contained the following spells:

 Spells                   Type           Power        Failure   Level
 Animate Skeleton         Necr           #.....       32%         1
 Pain                     Necr           #...         32%         1
 Vampiric Draining        Necr           #.........   69%         3
 Animate Dead             Necr           #.........   97%         4
 Agony                    Necr           #.......     100%        5


Dungeon Overview and Level Annotations

Branches:
Dungeon (9/15)             Temple (1/1) D:6            Lair (0/6) D:8
    Orc: D:9-12

Altars:
Ashenzari
Cheibriados
Dithmenos
Elyvilon
Fedhas
Gozag
Hepliaklqana
Kikubaaqudgha
Nemelex Xobeh
Okawaru
Qazlal
Ru
Sif Muna
Trog
Uskayaw
Vehumet
Wu Jian
Xom
Yredelemnul
Zin
The Shining One

Shops:
D:6 [


Innate Abilities, Weirdness & Mutations

You can breathe wild blasts of lightning.
Your glossy black scales are hard. (AC +7)
You cannot fit into any form of body armour.
You are resistant to electric shocks. (rElec)
You are cold-blooded and may be slowed by cold attacks.


Message History

The orb of electricity engulfs the jelly!!
You kill the jelly!
You block the troll's attack. The troll closely misses you.
The troll barely misses you.
Unknown command.
Unknown command.
Unknown command.
Unknown command.
Unknown command.
You barely miss the troll. You tail-slap the troll.
The troll is heavily wounded.
The troll bites you!
* * * LOW HITPOINT WARNING * * *
The troll claws you!
* * * LOW HITPOINT WARNING * * *
The troll claws you.
* * * LOW HITPOINT WARNING * * *
The troll misses you. The troll claws you!
You die...
Your body crumbles into a pile of gold.

#......[.)..(.).....#
#...............##..#
#................#.##
##.............#...##
##...........####..########
# ######..##### ##.##.....#
# ###..## #.##.....# #
#.....########..#.....# #
#.......@TF...$.......###
####......#####..........
#..###.# ##......... #..#
#..# ##........ #..####..
#.......) #.<..###.#
#........ #.##.....##
###.).... #.# ###...#
##...... #.# #.#.#
#........


You could see a troll and a bullfrog.

Vanquished Creatures
  A wyvern (D:9)
  5 orc warriors
  An ogre (D:5)
  A phantom (D:9)
  2 sky beasts
  A black bear (D:9)
  3 centaurs
  An eye of draining (D:8)
  7 bullfrogs
  A wyvern skeleton (D:9)
  A water moccasin zombie (D:7)
  A scorpion (D:9)
  A water moccasin skeleton (D:9)
  9 killer bees (D:7)
  2 howler monkeys
  A bullfrog zombie (D:9)
  A centaur zombie (D:8)
  6 hounds
  A bullfrog skeleton (D:6)
  2 orc priests (D:8)
  A jelly (D:9)
  Ijyb (D:3)
  6 iguanas
  7 orc wizards
  6 worker ants
  A hound zombie (D:5)
  A hound skeleton (D:4)
  A worker ant zombie (D:7)
  7 gnolls
  14 adders
  A shadow imp (D:7)
  An ooze (D:3)
  An adder skeleton (D:9)
  2 adder zombies
  6 leopard geckos
  17 orcs
  6 giant cockroaches
  11 hobgoblins
  13 jackals
  5 quokkas
  2 ball pythons (D:3)
  5 bats (D:1)
  5 frilled lizards
  6 goblins
  6 kobolds
  A leopard gecko skeleton (D:5)
  A leopard gecko zombie (D:6)
  10 rats
192 creatures vanquished.

Notes
Turn   | Place    | Note
-------+----------+-------------------------------------------
     0 | D:1      | KristoblXynda the Draconian Gladiator began the quest for
                  | the Orb.
     0 | D:1      | Reached XP level 1. HP: 17/17 MP: 1/1
   419 | D:1      | Reached XP level 2. HP: 23/25 MP: 2/2
   998 | D:2      | Reached XP level 3. HP: 25/30 MP: 3/3
  1367 | D:2      | Reached skill level 4 in Long Blades
  1367 | D:2      | Reached XP level 4. HP: 33/38 MP: 4/4
  2191 | D:3      | Reached XP level 5. HP: 45/45 MP: 5/5
  2288 | D:3      | Found an iron altar of Okawaru.
  2471 | D:3      | Noticed Ijyb
  2513 | D:3      | Killed Ijyb
  2738 | D:4      | Reached skill level 5 in Long Blades
  2985 | D:4      | Reached XP level 6. HP: 42/52 MP: 6/6
  3144 | D:4      | Found a white marble altar of Elyvilon.
  3226 | D:4      | Found a shadowy altar of Dithmenos.
  3467 | D:5      | Entered Level 5 of the Dungeon
  4182 | D:5      | Reached skill level 6 in Long Blades
  4182 | D:5      | Your scales start taking on a glossy black colour.
  4182 | D:5      | Reached XP level 7. HP: 28/60 MP: 7/7
  4182 | D:5      | Gained mutation: You are resistant to electric shocks.
                  | (rElec) [Black Draconian growth]
  4638 | D:6      | Reached skill level 5 in Fighting
  5162 | D:6      | Found a staircase to the Ecumenical Temple.
  5171 | Temple   | Entered the Ecumenical Temple
  5410 | Temple   | Became a worshipper of Gozag Ym Sagoz the Greedy
  5452 | D:6      | Found Yxuibe's Armour Shoppe.
  5499 | D:6      | Reached skill level 7 in Long Blades
  5886 | D:6      | Found a faded altar of an unknown god.
  5886 | D:6      | Found a hide-covered altar of Uskayaw.
  5891 | D:6      | Found a shimmering blue altar of Sif Muna.
  5893 | D:6      | Found a radiant altar of Vehumet.
  5894 | D:6      | Found a broken altar of Ashenzari.
  6048 | D:7      | Reached skill level 5 in Dodging
  6048 | D:7      | Reached XP level 8. HP: 60/69 MP: 8/8
  6287 | D:7      | Found a basalt altar of Yredelemnul.
  6487 | D:7      | Reached skill level 8 in Long Blades
  6919 | D:7      | Reached XP level 9. HP: 65/78 MP: 9/9
  7327 | D:8      | Reached skill level 9 in Long Blades
  7350 | D:8      | Found a glowing golden altar of the Shining One.
  8098 | D:8      | Found a staircase to the Lair.
  8530 | D:9      | Reached skill level 10 in Long Blades
  8786 | D:9      | Found a blossoming altar of Fedhas.
  8998 | D:9      | Noticed a troll
  9025 | D:9      | HP: 1/81 [troll (4)]
  9028 | D:9      | Mangled by a troll

Illustrated notes

Levels and vault maps discovered:
D:1:      psy_arrival_terrarium, layout_basic
D:2:      layout_basic
D:3:      layout_loops_cross, okawaru_ov_weapons_minmay, uniq_ijyb
D:4:      layout_rooms, elyvilon_altar_3, grunt_dithmenos_smoke_and_mirrors
D:5:      layout_rooms
D:6:      layout_loops_ring, chequers_temple_overflow_minitemple,
          minmay_temple_entry_hall, serial_shops, shop
D:7:      layout_basic, lemuel_crystal_altar
D:8:      layout_basic, lair_entry_dummy, basic_altar
D:9:      layout_rooms, old_standard_altar, old_standard_altar
Temple:   nicolae_temple_figure_eight

Skill      XL: |  1  2  3  4  5  6  7  8  9 |
---------------+----------------------------+-----
Throwing       | 2 |  2.0
Dodging        | 3 4 5 6 7 |  7.1
Fighting       | 3 4 5 6 8 |  8.2
Long Blades    | 4 5 6 7 8 10 | 10.4

Action                   |  1- 3 |  4- 6 |  7- 9 || total
-------------------------+-------+-------+-------++-------
Melee: Long sword        |    93 |   208 |   387 ||   688
       Tailslap          |    13 |    27 |    59 ||    99
       Scimitar          |       |       |    10 ||    10
Throw: Throwing net      |       |     1 |       ||     1
 Abil: Breathe Lightning |       |       |     8 ||     8
Evoke: Wand              |       |       |     4 ||     4
  Use: Scroll            |       |     5 |    18 ||    23
       Potion            |       |       |     3 ||     3
 Stab: Sleeping          |       |     1 |     4 ||     5
       Paralysed         |       |       |    14 ||    14
       Distracted        |       |       |     1 ||     1
Armor: Skin              |    19 |    49 |    55 ||   123
Dodge: Dodged            |   105 |   204 |   294 ||   603
Block: Other             |       |     3 |    74 ||    77
       Reflection        |       |       |     1 ||     1
       Rpst.: Long sword |    36 |    62 |    82 ||   180
       Scimitar          |       |       |     2 ||     2

Table legend: (Time is in decaauts)
 A = Elapsed time spent in this place.
 B = Non-inter-level travel time spent in this place.
 C = Inter-level travel time spent in this place.
 D = Time resting spent in this place.
 E = Time spent auto-exploring this place.
 F = Levels seen in this place.
 G = Mean time per level.
                   A        B        C        D        E       F      G
               +--------+--------+--------+--------+--------+-----+--------+
         Total |   9063 |   8874 |    189 |   2149 |   4820 |  10 |  906.3 |
       Dungeon |   8804 |   8679 |    125 |   2149 |   4642 |   9 |  978.2 |
        Temple |    259 |    195 |     64 |      0 |    178 |   1 |  259.0 |
               +--------+--------+--------+--------+--------+-----+--------+

Top non-repeatable levels by time:
     D:7: 1224 daAuts
     D:5: 1171 daAuts
     D:6: 1154 daAuts
     D:8: 1153 daAuts
     D:1: 982 daAuts
     D:2: 966 daAuts
     D:4: 804 daAuts
     D:3: 756 daAuts
     D:9: 591 daAuts
  Temple: 259 daAuts
